AoeStats
← Links5165

Arena

510644660Analyzed
4v4 RM · 14h ago on Oct 1, 2026· 40m 40s· 8 players
Game mode
Random Map
Map size
Large (8 player)
Population
200
Speed
Normal
Resources
Standard
Victory
Conquest
Starting age
Dark Age
Ending age
Imperial Age
RankedLock teamsTeams togetherTeam positionsShared explorationLock speedFull tech treeHidden civsTurbo modeCheats
Victory
Defeat
🇹🇷 Koreans · Türkiye
916
+14
🇹🇷 Bulgarians · Türkiye
881
+16
🇩🇪 Danes · Germany
863
+17
🇷🇺 Varangians · Russia
816
+18
🇻🇪 Burgundians · Venezuela
908
-51
🇨🇳 Franks · China
892
-17
🇨🇦 Romans · Canada
853
-15
🇦🇷 Goths · Argentina
849
-15
Orange_Samo
4:58 Loom
10:52 Feudal Age
14:48 Castle Age
14:26 Double-Bit Axe
17:55 Horse Collar
21:29 Scale Barding Armor
21:16 Fletching
21:29 Padded Archer Armor
23:29 Thumb Ring
24:55 Bodkin Arrow
25:16 Leather Archer Armor
25:22 Chain Barding Armor
28:49 Wheelbarrow
27:59 Town Watch
28:27 Bow Saw
31:13 Hand Cart
33:17 Forging
37:05 Imperial Age
36:36 Heavy Plow
38:25 Ring Archer Armor
37:56 Bracer
38:32 Plate Barding Armor
37:24 Cranequins
38:24 Heavy Mounted Crossbowman
41:04 Ballistics
41:45 Chemistry
SongForBob
8:05 Loom
11:43 Feudal Age
17:41 Castle Age
16:35 Fletching
16:33 Double-Bit Axe
16:46 Horse Collar
18:01 Crossbowman
22:38 Wheelbarrow
22:47 Bodkin Arrow
24:44 Heavy Plow
25:46 Bow Saw
26:27 Town Watch
27:54 Gold Mining
29:56 Hand Cart
35:29 Imperial Age
33:01 Stone Mining
33:38 Scale Barding Armor
36:02 Gold Shaft Mining
36:02 Stone Shaft Mining
36:31 Spies/Treason
38:02 Conscription
37:24 Elite War Wagon
40:19 Chemistry
39:52 Ballistics
39:34 Heated Shot
39:55 Masonry
40:19 Bracer
40:52 Town Patrol
41:15 Chain Barding Armor
Segey_Raven
9:57 Feudal Age
8:19 Loom
15:03 Castle Age
18:45 Horse Collar
22:06 Caravan
22:00 Double-Bit Axe
23:23 Heavy Plow
25:03 Wheelbarrow
26:03 Squires
26:13 Squires
26:16 Scale Mail Armor
26:15 Arson
27:08 Forging
30:15 Iron Casting
30:47 Bow Saw
30:57 Chain Mail Armor
33:33 Stone Mining
35:36 Hand Cart
39:15 Imperial Age
39:24 Spies/Treason
40:16 Gothikon
MHPL
0:31 Loom
11:52 Feudal Age
12:44 Double-Bit Axe
18:10 Castle Age
17:41 Stone Mining
20:14 Wheelbarrow
19:24 Town Watch
30:35 Hand Cart
30:20 Town Patrol
34:16 Gold Mining
35:01 Stone Shaft Mining
Acadian_Sniper
neda_4k
1:11 Loom
13:02 Feudal Age
12:41 Double-Bit Axe
12:50 Stone Mining
14:39 Town Watch
17:51 Town Watch
24:21 Castle Age
Links5165
太原老登
Connection lost

Rejoining the realm…

Still unreachable

The connection could not be restored.

Session expired

The server has moved on; the page needs a fresh start.